 Dungeon Crawl Stone Soup version 0.31-a0-1202-ga8fea8b373 (webtiles) character file.

Game seed: 4664109020437558992

913440 AceOff the Axe Maniac (level 27, -11/224 HPs)
             Began as a Formicid Fighter on Dec 8, 2023.
             Was the Champion of Qazlal.
             Killed by a mummy priest's death curse (12 damage)
             ... on level 2 of the Tomb of the Ancients on Dec 12, 2023.
             The game lasted 05:57:10 (79455 turns).

AceOff the Axe Maniac (Formicid Fighter)           Turns: 79455, Time: 05:57:12

Health: -11/224    AC: 22    Str: 32 (33) XL:     27
Magic:  0/44       EV: 17    Int:  8      God:    Qazlal [******]
Gold:   8880       SH: 43    Dex:  7 (9)  Spells: 26/26 levels left

rFire   + + +        K - +9 executioner's axe (freeze)
rCold   + . .        J - +7 tower shield {rC+}
rNeg    + + +        b - +5 moon troll leather armour {Spirit, Regen++ MP+5}
rPois   +            (helmet unavailable)
rElec   .            G - +0 cloak "Xias" {^Contam rN+ Regen+ Str+2}
rCorr   .            P - +0 pair of gloves of Imeokuu {Harm rPois Regen+ Dex-2}
SInv    +            g - +1 pair of boots of Past Mistakes {-Cast rC- Slay+5 Stlth+}
Will    +....        T - amulet of the Princeling {Reflect -Cast rN++ Slay+3 SH+5 SInv}
Stlth   +            o - ring "Ykhumeac" {rF+ Will+}
HPRegen 3.77/turn    a - ring of Sienoa {rF+ rC+ rN+ Dex-2}
MPRegen 0.29/turn

%: no spellcasting, harm (+30% outgoing, +20% incoming), repel missiles,
reflection, guardian spirit
@: weak-willed, protected from fire, very slightly contaminated, studying Short
Blades, invisible
A: permanent stasis, dig shafts and tunnels, antennae 3, four strong arms,
iridescent scales 2, deformed body, deterioration 1, dopey 1, frail 1, screaming
1, shaggy fur 1, weak 1, inability to drink after injury 2, inability to read
after injury 2
}: 9/15 runes: serpentine, barnacled, slimy, silver, demonic, glowing, magical,
fiery, dark
a: Dig, Shaft Self, Renounce Religion, Upheaval, Elemental Force, Disaster Area


You were on level 2 of the Tomb of the Ancients.
You worshipped Qazlal.
Qazlal was exalted by your worship.
You visited 14 branches of the dungeon, and saw 58 of its levels.
You visited Pandemonium 1 time, and saw 14 of its levels.
You visited the Abyss 2 times.
You also visited: Trove, Sewer, Ossuary, Bailey, Gauntlet and Ice Cave.

You collected 12300 gold pieces.
You spent 3420 gold pieces at shops.

Inventory:

Hand Weapons
 e - the +8 broad axe of Precise Incision {antimagic, rF+ Dex+4}
   (You acquired it on level 3 of the Crypt)

   Dex+4:     It affects your dexterity (+4).
   rF+:       It protects you from fire.
 F - a +3 sacred scourge of holy wrath
 K - a +9 executioner's axe of freezing (weapon)
Armour
 b - the +5 moon troll leather armour (worn) {Spirit, Regen++ MP+5}
   (You bought it in a shop on level 3 of the Snake Pit)

   MP+5:      It affects your magic capacity (+5).
   Regen++:   It increases your rate of health regeneration.
 g - the +1 pair of boots of Past Mistakes (worn) {-Cast rC- Slay+5 Stlth+}
   (You acquired it on level 1 of the Vaults)

   Slay+5:    It affects your accuracy & damage with ranged weapons and melee
   (+5).
   rC-:       It makes you vulnerable to cold.
   -Cast:     It prevents spellcasting.
   Stlth+:    It makes you more stealthy.
 G - the +0 cloak "Xias" (worn) {^Contam rN+ Regen+ Str+2}
   (You bought it in a shop on level 1 of the Orcish Mines)

   Str+2:     It affects your strength (+2).
   rN+:       It protects you from negative energy.
   ^Contam:   It causes magical contamination when unequipped.
   Regen+:    It increases your rate of health regeneration.
 J - a +7 tower shield of cold resistance (worn)
 P - the +0 pair of gloves of Imeokuu (worn) {Harm rPois Regen+ Dex-2}
   (You found it in a treasure trove)

   Dex-2:     It affects your dexterity (-2).
   rPois:     It protects you from poison Regen+: It increases your rate of
   health regeneration.
   Harm:      It increases damage dealt and taken.
 V - the scarf "Onyh" {+Inv, rElec Str+4 Dex-3}
   (You found it in a treasure trove)

   Str+4:     It affects your strength (+4).
   Dex-3:     It affects your dexterity (-3).
   rElec:     It insulates you from electricity.
 W - a +2 pair of gloves of strength
Jewellery
 a - the ring of Sienoa (right hand) {rF+ rC+ rN+ Dex-2}
   (You found it on level 3 of the Crypt)

   [ring of positive energy]

   Dex-2:     It affects your dexterity (-2).
   rF+:       It protects you from fire.
   rC+:       It protects you from cold.
   rN+:       It protects you from negative energy.
 l - the ring of Loffia {rC++ rN+}
   (You found it in a treasure trove)

   [ring of positive energy]

   rC++:      It greatly protects you from cold.
   rN+:       It protects you from negative energy.
 o - the ring "Ykhumeac" (left hand) {rF+ Will+}
   (You found it on level 5 of the Vaults)

   [ring of willpower]

   rF+:       It protects you from fire.
   Will+:     It increases your willpower.
 r - a ring of flight
 u - a +4 ring of slaying
 v - an amulet of the acrobat
 B - a ring of resist corrosion
 R - the ring of Wetaufur {rPois rC+ Str+3 Int-4 Dex+4}
   (You found it on level 1 of the Elven Halls)

   [ring of protection from cold]

   Str+3:     It affects your strength (+3).
   Int-4:     It affects your intelligence (-4).
   Dex+4:     It affects your dexterity (+4).
   rC+:       It protects you from cold.
   rPois:     It protects you from poison
 T - the amulet of the Princeling (around neck) {Reflect -Cast rN++ Slay+3 SH+5 SInv}
   (You acquired it on level 4 of the Snake Pit)

   [amulet of reflection]

   Reflect:   It reflects blocked missile attacks.
   Slay+3:    It affects your accuracy & damage with ranged weapons and melee
   (+3).
   rN++:      It greatly protects you from negative energy.
   SInv:      It lets you see invisible.
   -Cast:     It prevents spellcasting.
   SH+5:      It affects your SH (+5).
Wands
 d - a wand of roots (126)
 n - a wand of light (23)
 L - a wand of digging (25)
 S - a wand of mindburst (55)
Scrolls
 k - 13 scrolls of fear
 t - 3 scrolls of silence
 w - 2 scrolls of brand weapon
 x - 9 scrolls of revelation
 y - 8 scrolls of fog
 E - 8 scrolls of immolation
 I - 7 scrolls of poison
 M - 10 scrolls of enchant weapon
 N - 4 scrolls of summoning
 O - 11 scrolls of vulnerability
 X - 10 scrolls of torment
Potions
 c - 2 potions of ambrosia
 f - 3 potions of heal wounds
 i - 6 potions of lignification
 m - 7 potions of invisibility
 p - 18 potions of cancellation
 q - 3 potions of attraction
 s - 8 potions of enlightenment
 C - 4 potions of magic
 D - 18 potions of curing
 H - 6 potions of might
 Q - 2 potions of brilliance
 Y - a potion of resistance
Miscellaneous
 h - a phantom mirror (inert)
 j - the horn of Geryon (inert)
 A - a lightning rod (4/4)
 U - a box of beasts


   Skills:
 O Level 27 Fighting
 O Level 27 Axes
 + Level 2.0(18.1) Maces & Flails
 + Level 25.2 Armour
 + Level 20.7 Dodging
 O Level 27 Shields
 + Level 24.1 Invocations
 + Level 17.5 Evocations


You had 26 spell levels left.
You didn't know any spells.
Your spell library contained the following spells:

 Spells                   Type           Power      Damage    Failure   Level
 Apportation              Tloc           0%         N/A       41%         1
 Foxfire                  Conj/Fire      0%         2x1d4     41%         1
 Freeze                   Ice            0%         1d3       41%         1
 Kiss of Death            Conj/Necr      0%         2d5       41%         1
 Necrotise                Necr           0%         1d4       41%         1
 Sandblast                Erth           0%         2d4       41%         1
 Shock                    Conj/Air       0%         1d3       41%         1
 Slow                     Hex            0%         N/A       41%         1
 Sting                    Tmut/Pois      0%         1d3       41%         1
 Summon Small Mammal      Summ           0%         N/A       41%         1
 Cigotuvi's Dreadful Rot  Necr/Pois/Air  0%         N/A       56%         2
 Ensorcelled Hibernation  Hex/Ice        0%         N/A       56%         2
 Jinxbite                 Hex            0%         N/A       56%         2
 Lesser Beckoning         Tloc           0%         N/A       56%         2
 Momentum Strike          Conj/Tloc      0%         3d8       56%         2
 Passwall                 Tmut/Erth      0%         N/A       56%         2
 Poisonous Vapours        Pois/Air       0%         N/A       56%         2
 Scorch                   Fire           0%         2d5       56%         2
 Static Discharge         Conj/Air       0%         3-3/arc   56%         2
 Sublimation of Blood     Necr           0%         N/A       56%         2
 Wereblood                Tmut           0%         N/A       56%         2
 Call Canine Familiar     Summ           0%         N/A       80%         3
 Confusing Touch          Hex            0%         N/A       80%         3
 Dazzling Flash           Conj/Hex       0%         N/A       80%         3
 Frozen Ramparts          Ice            0%         1d1       80%         3
 Gell's Gravitas          Tloc           0%         N/A       80%         3
 Hailstorm                Conj/Ice       0%         3d5       80%         3
 Ignite Poison            Fire/Tmut/Pois 0%         N/A       80%         3
 Inner Flame              Hex/Fire       0%         N/A       80%         3
 Mephitic Cloud           Conj/Pois/Air  0%         N/A       80%         3
 Ozocubu's Armour         Ice            0%         N/A       80%         3
 Sigil of Binding         Hex            0%         N/A       80%         3
 Stone Arrow              Conj/Erth      0%         3d7       80%         3
 Summon Guardian Golem    Hex/Summ       0%         N/A       80%         3
 Teleport Other           Tloc           0%         N/A       80%         3
 Vampiric Draining        Necr           0%         2d6       80%         3
 Airstrike                Air            0%         2d(0-16)  99%         4
 Anguish                  Hex/Necr       0%         N/A       99%         4
 Animate Armour           Summ/Erth      0%         N/A       99%         4
 Animate Dead             Necr           0%         N/A       99%         4
 Brom's Barrelling Bould  Conj/Erth      0%         2d3       99%         4
 Cause Fear               Hex            0%         N/A       99%         4
 Dimensional Bullseye     Hex/Tloc       0%         N/A       99%         4
 Dispel Undead            Necr           0%         3d6       99%         4
 Flame Wave               Conj/Fire      0%         2d4       99%         4
 Iskenderun's Mystic Bla  Conj/Tloc      0%         2d3       99%         4
 Leda's Liquefaction      Hex/Erth       0%         N/A       99%         4
 Manifold Assault         Tloc           0%         N/A       99%         4
 Olgreb's Toxic Radiance  Pois           0%         N/A       99%         4
 Petrify                  Tmut/Erth      0%         N/A       99%         4
 Sticky Flame             Conj/Fire      0%         2d3       99%         4
 Summon Ice Beast         Ice/Summ       0%         N/A       99%         4
 Summon Lightning Spire   Summ/Air       0%         N/A       99%         4
 Agony                    Necr           0%         N/A       100%        5
 Alistair's Intoxication  Tmut/Pois      0%         N/A       100%        5
 Borgnjor's Vile Clutch   Necr/Erth      0%         N/A       100%        5
 Fireball                 Conj/Fire      0%         3d3       100%        5
 Freezing Cloud           Conj/Ice/Air   0%         6-21      100%        5
 Irradiate                Conj/Tmut      0%         3d11      100%        5
 Iskenderun's Battlesphe  Conj           0%         2d6       100%        5
 Lee's Rapid Deconstruct  Erth           0%         3d4*      100%        5
 Metabolic Englaciation   Hex/Ice        0%         N/A       100%        5
 Silence                  Hex/Air        0%         N/A       100%        5
 Summon Forest            Summ/Tloc      0%         N/A       100%        5
 Summon Mana Viper        Hex/Summ       0%         N/A       100%        5
 Bombard                  Conj/Erth      0%         9d1       100%        6
 Conjure Ball Lightning   Conj/Air       0%         3x3d6     100%        6
 Death Channel            Necr           0%         N/A       100%        6
 Dispersal                Tloc           0%         N/A       100%        6
 Plasma Beam              Fire/Air       0%         2x1d10    100%        6
 Simulacrum               Ice/Necr       0%         N/A       100%        6
 Starburst                Conj/Fire      0%         6d3       100%        6
 Summon Cactus Giant      Summ           0%         N/A       100%        6
 Enfeeble                 Hex            0%         N/A       100%        7
 Haunt                    Necr/Summ      0%         N/A       100%        7
 Malign Gateway           Summ/Tloc      0%         N/A       100%        7
 Monstrous Menagerie      Summ           0%         N/A       100%        7
 Orb of Destruction       Conj           0%         9d5       100%        7
 Ozocubu's Refrigeration  Ice            0%         4d7       100%        7
 Spellforged Servitor     Conj/Summ      0%         N/A       100%        7
 Summon Hydra             Summ           0%         N/A       100%        7
 Discord                  Hex            0%         N/A       100%        8
 Disjunction              Tloc           0%         N/A       100%        8
 Ignition                 Fire           0%         3d3       100%        8
 Infestation              Necr           0%         N/A       100%        8
 Lehudib's Crystal Spear  Conj/Erth      0%         10d2      100%        8
 Summon Horrible Things   Summ           0%         N/A       100%        8
 Chain Lightning          Conj/Air       0%         N/A       100%        9
 Dragon's Call            Summ           0%         N/A       100%        9
 Fire Storm               Conj/Fire      0%         5d1       100%        9
 Polar Vortex             Ice            0%         N/A       100%        9
 Shatter                  Erth           0%         3d5*      100%        9
 Blink                    Tloc           Unusable   N/A       N/A         2
 Swiftness                Air            Unusable   N/A       N/A         3

Dungeon Overview and Level Annotations

Branches:
Dungeon (15/15)            Temple (1/1) D:5            Lair (5/5) D:8
 Shoals (4/4) Lair:2        Snake (4/4) Lair:2        Slime (5/5) Lair:4
    Orc (2/2) D:10            Elf (3/3) Orc:2        Vaults (5/5) D:13
  Crypt (3/3) Vaults:3       Tomb (2/3) Crypt:3      Depths (4/4) D:15
   Hell (visited)             Dis (4/7) Hell            Geh (0/7) Hell
    Coc (0/7) Hell            Tar (0/7) Hell            Zot (0/5) Depths:4
  Sewer (visited)         Ossuary (visited)          Bailey (visited)
  IceCv (visited)         Gauntlet (visited)

Altars:
Ashenzari
Cheibriados
Dithmenos
Elyvilon
Fedhas
Gozag
Hepliaklqana
Kikubaaqudgha
Makhleb
Nemelex Xobeh
Okawaru
Qazlal
Ru
Sif Muna
Trog
Uskayaw
Vehumet
Wu Jian
Xom
Yredelemnul
Zin
The Shining One

Shops:
D:9 (   D:10 ?   D:12 *   D:15 :   Orc:1 *   Orc:2 *===   Elf:3 !?
Snake:3 (([!   Depths:4 (

Portals:
Hell: Depths:1 Depths:2 Depths:3 Depths:4
Abyss: Depths:3
Pandemonium: Depths:1 Depths:2
Ziggurat: Depths:3

Annotations:
Depths:1 4 transporters


Innate Abilities, Weirdness & Mutations

You cannot be hasted, slowed, berserked, paralysed or teleported.
You can dig through walls and to a lower floor.
You have a pair of large antennae on your head. (SInv)
Your four strong arms can wield two-handed weapons with a shield.
You are mostly covered in iridescent scales. (AC +4)
Armour fits poorly on your strangely shaped body.
Your body sometimes deteriorates upon taking damage.
You are dopey. (Int -2)
You are frail. (-10% HP)
You occasionally shout uncontrollably at your foes.
You are covered in fur. (AC +1)
You are weak. (Str -2)
You sometimes lose the ability to drink potions when taking damage.
You sometimes lose the ability to read scrolls when taking damage.


Message History

The fiery explosion engulfs the death scarab!!
The death scarab's corpse disappears in a puff of smoke!
The fiery explosion engulfs the royal mummy!!!
The royal mummy is moderately damaged.
The death scarab explodes!
The fiery explosion engulfs the royal mummy!!
The royal mummy is moderately damaged.
The fiery explosion engulfs the mummy!!!
The mummy is burned terribly!
Qazlal accepts your kill.
The mummy explodes!
The fiery explosion engulfs you. You resist.
* * * LOW HITPOINT WARNING * * *
The fiery explosion engulfs the royal mummy!!
The royal mummy is severely damaged.
The death scarab explodes!
The fiery explosion engulfs the royal mummy!!!
The royal mummy is almost destroyed.
The fiery explosion engulfs the death scarab!!
The death scarab's corpse disappears in a puff of smoke!
The fiery explosion engulfs you! You resist.
* * * LOW HITPOINT WARNING * * *
The death scarab explodes!
The fiery explosion engulfs the royal mummy!
Flame seeps out of the royal mummy.
The royal mummy is heavily damaged.
The fiery explosion engulfs you! You resist.
Your resistance to physical damage fades away.
You feel protected from fire.
* * * LOW HITPOINT WARNING * * *
You feel extremely nervous for a moment...
You are engulfed in negative energy!
You feel clumsy.
You feel extremely nervous for a moment...
You feel horribly lethargic.
Your stasis prevents you from being slowed.
The mummy priest explodes!
The skeletal warrior explodes! x2
You feel extremely nervous for a moment...
Pain shoots through your body!
You die...

##.........##
##§§§§§§§§§§§##§
.§§§§§§§§§§§§$.§
.§§.§§§§§§§§.§§.
§§.§§§§§§.°§.,
#§§§§§§○§.#
#§§§§§M§°§# {
#§§§§M@§§§#
#§§§§○○§§§# {
#§§§§○§§§§# {
#§§§§§§§§§# {
#M§§§§§§§§# ,{
§§.§§§§§§§§§M,
.§.§§§§§§§§§§§.
.(§§§§§§s§§§§§§.
##....M......##.


You could see 3 royal mummies and an emperor scorpion (summoned, unable to see
you).

Vanquished Creatures
  Cerebov (Pan)
  the Royal Jelly (Slime:5)
  Gloorx Vloq (Pan)
  Mnoleg (Pan)
  Lom Lobon (Pan)
  Dissolution (Slime:5)
  3 ancient liches
  2 dread liches
  Frederick (Depths:4)
  2 juggernauts
  Mennas (Pan)
  The ghost of Zyku Vof the Eclecticist, a veteran MfIE of Vehumet (Depths:4)
  3 royal mummies
  Bai Suzhen (Vaults:4)
  Vashnia (Snake:3)
  9 pandemonium lords (Pan)
  Geryon (Hell)
  23 caustic shrikes
  The ghost of Wyquac the Earth Mage, an adept OpEE of Vehumet (Crypt:1)
  Nikola (Snake:2)
  4 golden dragons
  The ghost of Echoppoj the Eclecticist, a veteran VSSu of Ashenzari (Crypt:1)
  3 doom hounds (Hell)
  2 bone dragons
  Norris (Elf:3)
  3 Tzitzimimeh
  12 Brimstone Fiends (Pan)
  3 Ice Fiends (Pan)
  Jorgrun (Shoals:3)
  2 walking earthen tomes (Depths:2)
  4 Hell Sentinels (Pan)
  The ghost of Dassydak the Tortoise, an adept GrFi of Makhleb (Crypt:1)
  5 deep elf blademasters
  3 tentacled monstrosities
  2 walking frostbound tomes (Depths:4)
  7 liches
  A deep elf master archer (Elf:3)
  A walking divine tome (Depths:4)
  3 krakens
  Polyphemus (Shoals:3)
  3 quicksilver dragons
  4 tentacled starspawn
  13 sphinxes
  19 acid blobs
  8 titans
  21 ancient champions
  Frances (D:12)
  34 Executioners
  8 storm dragons
  Aizul (Snake:1)
  8 tengu reavers
  The ghost of Ofax the Covert, an adept VSFi of Uskayaw (Snake:3)
  4 shadow dragons
  Donald (Elf:1)
  4 revenants
  5 demonspawn warmongers (Pan)
  Ilsuiw (Shoals:3)
  4 nagarajas
  9 azure jellies
  5 rockslimes (Slime:5)
  9 daevas (Pan)
  6 fire giants
  Louise (Depths:3)
  A draconian scorcher (Depths:4)
  3 quicksilver elementals
  17 angels
  6 deep elf sorcerers (Elf:3)
  9 frost giants
  25 balrugs
  5 curse skulls
  9 ghouls
  2 iron dragons
  A juggernaut zombie (Hell)
  2 deep elf elementalists
  A caustic shrike zombie (Crypt:1)
  25 vault wardens
  3 orc warlords (Vaults:3)
  9 ghost moths (Pan)
  18 ironbound preservers
  15 reapers
  10 quicksilver oozes
  3 caustic shrike skeletons (Pan)
  4 spriggan defenders (Depths:4)
  15 cacodemons (Pan)
  3 draconian annihilators
  32 very ugly things
  11 war gargoyles
  4 demonspawn corrupters (Pan)
  8 ophanim (Pan)
  8 ironbound thunderhulks
  A juggernaut skeleton (Hell)
  9 demonspawn blood saints (Pan)
  6 deep elf demonologists
  16 stone giants
  9 formless jellyfish
  10 vampire knights
  Azrael (D:13)
  2 bennus (Tomb:1)
  12 deep elf annihilators
  19 lorocyprocas (Pan)
  7 demonspawn black suns (Pan)
  3 apis (Pan)
  A minotaur (Gauntlet)
  A white draconian (Depths:4)
  A yellow draconian (Depths:4)
  2 spark wasps
  5 dire elephants
  3 red draconians (Depths:4)
  A bunyip (Abyss:1)
  20 starcursed masses
  2 green draconians (Depths:4)
  4 eidola
  5 crystal guardians
  3 iron golems
  5 merfolk javelineers
  22 blizzard demons
  11 ettins
  19 green deaths (Pan)
  9 deep elf death magi
  Josephine (D:13)
  3 deep elf high priests
  10 fire dragons
  11 mummy priests
  A spriggan zombie (Tomb:1)
  11 jiangshi
  16 merfolk impalers
  14 yaktaur captains
  15 great orbs of eyes
  4 entropy weavers
  10 ice dragons
  Harold (D:10)
  47 vault guards
  A peacekeeper (Vaults:3)
  6 merfolk avatars
  2 alligator snapping turtles
  3 rakshasas
  13 centaur warriors
  5 salamander tyrants
  6 hell beasts
  A fenstrider witch zombie (Crypt:1)
  A spriggan air mage (Depths:4)
  3 spriggan skeletons
  14 anacondas
  3 hydras
  9 ironbound frosthearts
  A stoker (Hell)
  3 ogre magi
  6 boulder beetles
  2 merfolk aquamancers (Shoals:4)
  A bennu zombie (Crypt:2)
  11 death scarabs (Tomb:1)
  2 fenstrider witch skeletons
  8 death knights
  24 dancing weapons
  5 catoblepae
  5 deep troll shamans (Depths:4)
  4 tengu warriors
  5 two-headed ogres
  13 vampire magi
  6 death yaks
  5 hell hogs (Depths:1)
  5 deep troll earth magi
  Urug (D:11)
  25 demonic crawlers
  11 naga warriors
  3 occultists
  11 shock serpents
  9 spriggan berserkers
  16 naga sharpshooters
  A shock serpent (shapeshifter) (Depths:2)
  3 titan zombies
  16 deep elf knights
  6 thrashing horrors
  6 spriggans
  Sonja (D:11)
  4 iron trolls
  59 soul eaters
  3 wretched stars
  82 sun demons
  2 titan skeletons
  22 sixfirhies
  Amaemon (Lair:3)
  3 hell knights (Depths:4)
  A storm dragon zombie (Hell)
  7 skysharks
  4 salamander mystics (Snake:4)
  10 shadow wraiths
  2 bunyip zombies
  A crystal echidna (Dis:2)
  18 sea snakes
  A spriggan rider (Depths:1)
  45 deep trolls
  23 skeletal warriors
  A death drake (Abyss:1)
  3 shadow demons (Pan)
  12 cherubim (Pan)
  5 glowing orange brains
  A storm dragon skeleton (Crypt:3)
  7 flayed ghosts
  2 orange crystal statues
  An anaconda skeleton (Pan)
  5 naga ritualists
  14 deep elf archers
  An iron giant skeleton (Hell)
  A golden dragon skeleton (Crypt:1)
  17 phantasmal warriors
  16 necromancers
  A fenstrider witch simulacrum (Crypt:1)
  8 arcanists
  18 orc knights
  A bunyip skeleton (Pan)
  16 harpies
  25 deep elf zephyrmancers
  16 ironbound convokers
  28 ugly things
  A shadow dragon zombie (Hell)
  A harpy (shapeshifter) (D:9)
  27 deep elf pyromancers
  10 mana vipers
  9 lindwurms
  28 salamanders
  Maurice (D:10)
  4 orc sorcerers
  An oklob plant (Gauntlet)
  A faun (shapeshifter) (Depths:1)
  9 fauns
  A shadow dragon skeleton (Pan)
  11 manticores
  A will-o-the-wisp (Abyss:1)
  A worldbinder (Abyss:1)
  A wolf spider (Lair:5)
  2 cyclopes (shapeshifter) (Vaults:5)
  8 cyclopes
  A moth of wrath (shapeshifter) (Vaults:5)
  8 shining eyes
  2 ice statues (IceCv)
  3 kobold blastminers (Orc:2)
  5 merfolk sirens
  An orc zombie (Crypt:1)
  A frost giant skeleton (Vaults:3)
  8 rust devils
  2 black mambas (shapeshifter) (D:13)
  2 dire elephant zombies
  An apocalypse crab (Abyss:2)
  39 black mambas
  2 stone giant skeletons (Vaults:3)
  106 slime creatures
  A water nymph (shapeshifter) (Vaults:4)
  An eye of devastation (shapeshifter) (Vaults:4)
  8 guardian serpents
  26 vault sentinels
  10 elephants
  22 naga magi
  5 water nymphs
  A yellow draconian zombie (Crypt:2)
  An eye of devastation (Slime:3)
  2 gargoyles
  An elf skeleton (Vaults:3)
  21 orange demons
  37 smoke demons
  83 large abominations
  20 cane toads
  A cane toad (shapeshifter) (D:13)
  A purple draconian zombie (Crypt:3)
  13 hellions
  A black draconian zombie (Crypt:1)
  A minotaur zombie (Crypt:1)
  11 freezing wraiths
  A kobold demonologist (D:13)
  2 alligator snapping turtle skeletons
  50 yaktaurs
  3 dire elephant skeletons
  An unseen horror zombie (D:10)
  10 efreet
  8 komodo dragons
  7 rime drakes
  A red draconian skeleton (Crypt:3)
  10 ancient zymes
  A yellow draconian skeleton (Crypt:3)
  10 tormentors (Pan)
  5 red devils
  A yaktaur skeleton (Vaults:3)
  18 guardian mummies
  8 tengu conjurers
  4 ice devils
  4 polar bears
  A meliai (shapeshifter) (D:15)
  4 trolls
  2 harpy zombies
  The ghost of Roalbala the Changeling, an amateur DrSh (D:4)
  35 merfolk
  A meliai (D:13)
  8 wind drakes
  An ettin zombie (Crypt:3)
  7 hellwings
  11 snapping turtles
  11 hornets
  3 hydra skeletons
  23 blink frogs
  15 raiju
  17 dream sheep
  Prince Ribbit (D:7)
  4 harpy skeletons
  A tarantella zombie (Crypt:2)
  A human simulacrum (Hell)
  A glass eye (shapeshifter) (Vaults:5)
  13 glass eyes
  A black mamba zombie (Crypt:1)
  A centaur simulacrum (D:15)
  3 naga simulacra (Hell)
  16 wyverns
  An ettin skeleton (Vaults:3)
  7 shadows
  12 flying skulls
  46 ynoxinuls
  5 vampires
  A spriggan (shapeshifter) (Vaults:5)
  A black mamba skeleton (Crypt:1)
  26 water elementals
  6 fire bats
  21 wraiths
  4 ushabtiu
  87 yaks
  A hog (shapeshifter) (Vaults:5)
  4 basilisks
  A steam dragon (D:7)
  A basilisk (shapeshifter) (Elf:2)
  3 humans (D:13)
  2 fire elementals
  4 vampire mosquitoes (D:13)
  35 neqoxecs
  6 redbacks
  46 chaos spawn
  18 golden eyes
  Grum (D:8)
  A merfolk zombie (Crypt:2)
  A warg (Orc:1)
  5 naga zombies
  47 nagas
  5 acid dragons
  9 hell hounds
  28 water moccasins
  5 naga skeletons
  A demonspawn skeleton (Crypt:1)
  46 orc warriors
  4 ogres
  2 black bears
  2 ice beasts (D:7)
  A swamp dragon zombie (Crypt:1)
  16 wolves
  3 sky beasts
  16 centaurs
  A boggart (D:13)
  A swamp dragon skeleton (Crypt:1)
  A torpor snail zombie (Crypt:3)
  A rime drake skeleton (Crypt:1)
  14 kobold brigands
  3 brain worms
  3 gnoll sergeants
  16 small abominations
  14 bullfrogs
  A necrophage (Crypt:2)
  4 earth elementals
  3 scorpions
  2 human skeletons (Vaults:3)
  14 wights
  A raiju zombie (Crypt:2)
  4 lindwurm simulacra (IceCv)
  6 killer bees
  7 howler monkeys
  A yak skeleton (Crypt:2)
  3 electric eels (Lair:1)
  9 centaur zombies
  A crimson imp (Abyss:1)
  9 komodo dragon simulacra (IceCv)
  8 quasits
  2 human zombies (Ossuary)
  8 jellies
  22 orc priests
  7 centaur skeletons
  A gnoll bouda (D:7)
  4 hounds
  Crazy Yiuf (D:5)
  4 iguanas
  4 iron imps
  2 basilisk skeletons (Crypt:1)
  6 hell rats (Hell)
  18 orc wizards
  A boggart skeleton (D:15)
  A brain worm zombie (Crypt:1)
  A tengu skeleton (Crypt:3)
  17 mummies
  A howler monkey zombie (D:10)
  14 gnolls
  13 adders
  8 river rats
  5 acid dragon simulacra (IceCv)
  A shadow imp (D:7)
  4 white imps
  8 ufetubi
  A steam dragon simulacrum (IceCv)
  6 worms
  5 dart slugs
  74 orcs
  11 ball pythons
  20 endoplasms
  9 giant cockroaches
  12 goblins
  10 hobgoblins
  32 kobolds
  11 quokkas
  A ball python zombie (Crypt:1)
  7 bats
  5 frilled lizards
  A frilled lizard skeleton (Crypt:3)
  A gnoll zombie (Ossuary)
  2 hobgoblin zombies (Ossuary)
  A kobold zombie (Ossuary)
  An orc skeleton (Crypt:3)
  24 rats
  A butterfly (Lair:2)
  2 fire vortices (Depths:4)
  3 lurking horrors
  4 starspawn tentacles
  6 tentacles
3609 creatures vanquished.

Vanquished Creatures (collateral kills)
  A seraph (Pan)
  2 royal mummies (Tomb:1)
  A curse toe (Crypt:3)
  A bone dragon (Hell)
  A Brimstone Fiend (Pan)
  A tentacled monstrosity (Vaults:5)
  An Ice Fiend (Pan)
  A lich (Tomb:1)
  A quicksilver dragon (Vaults:5)
  2 acid blobs (Slime:5)
  An ancient champion (Dis:2)
  A shadow dragon (Vaults:5)
  A tengu reaver (Vaults:5)
  A revenant (Tomb:1)
  A deep elf sorcerer (Elf:3)
  3 vault wardens (Vaults:5)
  2 deep elf elementalists (Elf:3)
  An ophan (Pan)
  A draconian annihilator (Pan)
  3 quicksilver oozes (Slime:5)
  A deep elf demonologist (Vaults:5)
  A demonspawn black sun (Pan)
  An ettin (Vaults:5)
  2 mummy priests
  A yaktaur captain (Vaults:2)
  2 great orbs of eyes (Slime:5)
  An anaconda (Snake:4)
  2 soul eaters (Pan)
  3 skysharks (Elf:3)
  A sun demon (Pan)
  An occultist (D:13)
  A skeletal warrior (Tomb:1)
  A necromancer (Vaults:5)
  An ironbound convoker (Vaults:5)
  A mana viper (Snake:4)
  A black mamba (Snake:4)
  A smoke demon (Pan)
  A guardian serpent (Snake:4)
  An orange demon (Pan)
  3 hellions (Pan)
  A freezing wraith (Crypt:3)
  2 guardian mummies (Tomb:1)
  A wind drake (Shoals:4)
  A glass eye (Slime:5)
  A slime creature (Vaults:4)
  2 fire elementals (D:13)
  A chaos spawn (Pan)
  A neqoxec (Pan)
  2 golden eyes (Pan)
  4 hell hounds (D:13)
  A komodo dragon simulacrum (IceCv)
  A mummy (Tomb:1)
  A steam dragon simulacrum (IceCv)
73 creatures vanquished.

Vanquished Creatures (others)
  A golden dragon (Vaults:5)
  A tentacled monstrosity (Vaults:5)
  A quicksilver dragon (Vaults:5)
  A deep elf master archer (Elf:3)
  An eldritch tentacle (Pan)
  A balrug (Pan)
  A deep elf elementalist (Elf:3)
  A demonspawn corrupter (Pan)
  A very ugly thing (Pan)
  An ironbound preserver (Vaults:5)
  A deep elf death mage (Elf:3)
  A green death (Pan)
  An ogre mage (D:13)
  A salamander mystic (Snake:4)
  2 deep elf knights (Elf:2)
  A phantasmal warrior (Vaults:5)
  A deep elf pyromancer (Elf:3)
  An ugly thing (Depths:1)
  A cyclops (D:13)
  A salamander (Snake:4)
  A merfolk siren (Shoals:3)
  A smoke demon (Pan)
  A merfolk (Shoals:1)
  A wind drake (Shoals:1)
  A raiju (Abyss:1)
  A ynoxinul (Depths:3)
  2 golden eyes (Slime:2)
  A neqoxec (Pan)
  3 chaos spawn (Pan)
  A water moccasin (Lair:3)
  An ufetubus (Abyss:2)
  An orc (Orc:2)
  2 foxfires (Abyss:1)
  2 lurking horrors (Abyss:2)
  8 starspawn tentacles
  12 tentacles
60 creatures vanquished.

Grand Total: 3742 creatures vanquished

Notes
Turn   | Place    | Note
-------+----------+-------------------------------------------
     0 | D:1      | AceOff the Formicid Fighter began the quest for the Orb.
     0 | D:1      | Reached XP level 1. HP: 18/18 MP: 1/1
    60 | D:1      | Reached XP level 2. HP: 22/24 MP: 2/2
   188 | D:1      | Reached XP level 3. HP: 24/29 MP: 3/3
   725 | D:2      | Reached XP level 4. HP: 37/37 MP: 4/4
   957 | D:2      | Reached XP level 5. HP: 42/42 MP: 5/5
  1330 | D:3      | Reached skill level 5 in Shields
  1510 | D:3      | Found a faded altar of an unknown god.
  1529 | D:3      | Found a sacrificial altar of Ru.
  2310 | D:4      | Reached XP level 6. HP: 10/49 MP: 6/6
  2862 | D:4      | Found a hazy altar of Hepliaklqana.
  2887 | D:4      | Found a transporter.
  2891 | D:4      | Noticed Roalbala's ghost (amateur DrSh)
  2983 | D:4      | Found a transporter.
  3705 | D:4      | Killed Roalbala's ghost
  3706 | D:4      | Reached skill level 5 in Fighting
  3706 | D:4      | Reached skill level 5 in Armour
  3706 | D:4      | Reached XP level 7. HP: 53/56 MP: 7/7
  3838 | D:5      | Entered Level 5 of the Dungeon
  3878 | D:5      | Identified the +1 leather armour of Tesauv {rElec rF+ rCorr
                  | Slay+6}
  3884 | D:5      | Reached XP level 8. HP: 47/64 MP: 8/8
  4062 | D:5      | Found a staircase to the Ecumenical Temple.
  4081 | Temple   | Entered the Ecumenical Temple
  4088 | Temple   | Became a worshipper of Qazlal Stormbringer
  4160 | D:5      | Found a sand-covered staircase.
  4166 | Ossuary  | Entered an ossuary
  4289 | Ossuary  | Reached skill level 1 in Invocations
  4538 | D:5      | Reached skill level 5 in Axes
  4737 | D:5      | Found a runed translucent door.
  4738 | D:5      | Noticed Crazy Yiuf
  4798 | D:5      | Killed Crazy Yiuf
  4942 | D:6      | Reached * piety under Qazlal
  5139 | D:6      | Found a glowing drain.
  5154 | Sewer    | Entered a sewer
  5241 | Sewer    | Reached XP level 9. HP: 70/71 MP: 9/11
  5856 | Sewer    | Reached ** piety under Qazlal
  6588 | D:7      | Reached skill level 1 in Dodging
  6845 | D:7      | Noticed Prince Ribbit
  6850 | D:7      | Killed Prince Ribbit
  6851 | D:7      | Reached XP level 10. HP: 79/79 MP: 13/13
  6950 | D:7      | Reached skill level 5 in Invocations
  7427 | D:7      | Reached *** piety under Qazlal
  7913 | D:8      | Found a staircase to the Lair.
  8111 | D:8      | Reached skill level 10 in Shields
  8111 | D:8      | Reached XP level 11. HP: 56/87 MP: 15/15
  8179 | D:8      | Found a flagged portal.
  8197 | Bailey   | Entered a bailey
  8264 | Bailey   | Reached **** piety under Qazlal
  8475 | Bailey   | Noticed an orc knight
  8475 | Bailey   | Noticed an orc knight
  8475 | Bailey   | Noticed an orc knight
  8475 | Bailey   | Noticed an orc knight
  8480 | Bailey   | Killed an orc knight
  8480 | Bailey   | Killed an orc knight
  8513 | Bailey   | HP: 2/87 [orc knight/+0 glaive (24)]
  8515 | Bailey   | Killed an orc knight
  8518 | Bailey   | Killed an orc knight
  8862 | D:8      | Acquired a manual of Fighting
  9130 | D:8      | Noticed Grum
  9147 | D:8      | Killed Grum
  9666 | D:9      | a meliai changed into a harpy
  9666 | D:9      | Noticed a harpy (shapeshifter)
  9875 | D:9      | Killed a harpy
  9876 | D:9      | Reached skill level 5 in Dodging
  9876 | D:9      | Reached skill level 1 in Evocations
  9894 | D:9      | Noticed a centaur warrior
  9895 | D:9      | Reached skill level 10 in Fighting
  9910 | D:9      | Killed a centaur warrior
  9911 | D:9      | Reached XP level 12. HP: 49/97 MP: 17/17
 10090 | D:9      | Found Kiog's Antique Weapon Boutique.
 10560 | D:9      | Found a bloodstained altar of Trog.
 10945 | D:10     | Entered Level 10 of the Dungeon
 10945 | D:10     | Found Imaowav's Magic Scroll Boutique.
 11082 | D:10     | Bought a scroll of identify for 26 gold pieces
 11082 | D:10     | Bought a scroll of revelation for 97 gold pieces
 11091 | D:10     | Noticed a two-headed ogre
 11098 | D:10     | Killed a two-headed ogre
 11331 | D:10     | Noticed Maurice
 11344 | D:10     | Reached skill level 10 in Armour
 11590 | D:10     | Reached ***** piety under Qazlal
 11952 | D:10     | Reached XP level 13. HP: 109/109 MP: 19/19
 11989 | D:10     | Maurice stole a +6 ring of dexterity
 12003 | D:10     | Killed Maurice
 12099 | D:10     | Found a broken altar of Ashenzari.
 12108 | D:10     | Noticed Harold
 12119 | D:10     | Killed Harold
 12356 | D:10     | Found a staircase to the Orcish Mines.
 12601 | Orc:1    | Entered Level 1 of the Orcish Mines
 12660 | Orc:1    | Found a radiant altar of Vehumet.
 12818 | Orc:1    | Found a runed translucent door.
 12822 | Orc:1    | Noticed a balrug
 12831 | Orc:1    | Killed a balrug
 13132 | Orc:2    | Entered Level 2 of the Orcish Mines
 13136 | Orc:2    | Noticed an ettin
 13149 | Orc:1    | Killed an ettin
 13388 | Orc:2    | Found a staircase to the Elven Halls.
 13448 | Orc:1    | Found Yschuipn's General Store.
 13551 | Orc:1    | Bought the +0 cloak "Xias" {Contam rN+ Regen+ Str+2} for
                  | 243 gold pieces
 13551 | Orc:1    | Bought a scroll of enchant weapon for 127 gold pieces
 13877 | Orc:2    | Reached skill level 5 in Evocations
 13928 | Orc:2    | Found Vihe's Jewellery Shoppe.
 13928 | Orc:2    | Found Eskoas's Jewellery Shop.
 13930 | Orc:2    | Found Juukoed's General Store.
 13932 | Orc:2    | Found Vifaid's Jewellery Emporium.
 13962 | Orc:2    | Bought a potion of heal wounds for 85 gold pieces
 14290 | Orc:2    | Bought a ring of flight for 192 gold pieces
 14533 | D:11     | Noticed an ogre mage
 14539 | D:11     | Noticed Sonja
 14544 | D:11     | Killed an ogre mage
 14551 | D:11     | Killed Sonja
 14557 | D:10     | Reached XP level 14. HP: 35/121 MP: 21/21
 14680 | D:11     | Noticed Urug
 14693 | D:11     | Killed Urug
 15220 | D:12     | Found a frozen archway.
 15227 | D:12     | Reached skill level 15 in Fighting
 15240 | D:12     | Reached skill level 10 in Invocations
 15253 | IceCv    | Entered an ice cave
 15273 | IceCv    | Reached skill level 10 in Axes
 15273 | IceCv    | Reached ****** piety under Qazlal
 16265 | D:12     | Found Rumept's Assorted Antiques.
 16271 | D:12     | Bought a red potion for 32 gold pieces
 16321 | D:12     | Identified the +0 leather armour of Knowledge {Fly rElec
                  | rF++ Int-4}
 16670 | D:13     | Noticed Frances
 16691 | D:12     | Killed Frances
 16945 | D:13     | Noticed Josephine
 16952 | D:13     | Killed Josephine
 16976 | D:13     | Noticed Azrael
 16987 | D:13     | Killed Azrael
 16989 | D:13     | Reached XP level 15. HP: 100/132 MP: 18/23
 17051 | D:13     | Got the Opusculum on Toxicity and Alteration
 17214 | D:13     | Found a gate to the Vaults.
 18042 | Lair:1   | Entered Level 1 of the Lair of Beasts
 18441 | Lair:1   | Got Qinuorch's Vellum of Turbulence
 18970 | Lair:2   | Got Spellcasting in Simple Steps
 19329 | Lair:2   | Found the +2 ratskin cloak {*Rats rPois rN+ Str-1 Int-1
                  | Dex+1}
 19435 | Lair:2   | Found a staircase to the Snake Pit.
 19762 | Snake:1  | Entered Level 1 of the Snake Pit
 19868 | Snake:1  | Identified the +1 leather armour of Generosity {Rampage
                  | rN++ Str-2}
 20059 | Snake:1  | Identified the serpent talisman "Zaek" {rN+ Will++ Str-5
                  | Dex+4}
 20059 | Snake:1  | Noticed Aizul
 20068 | Snake:1  | Killed Aizul
 20270 | Snake:1  | Noticed a nagaraja
 20280 | Snake:1  | Killed a nagaraja
 20281 | Snake:1  | Reached XP level 16. HP: 106/141 MP: 24/24
 21239 | Snake:2  | Found a sacrificial altar of Ru.
 21280 | Snake:2  | Noticed Nikola
 21295 | Snake:2  | Killed Nikola
 21395 | Snake:2  | Reached skill level 15 in Shields
 21721 | Snake:3  | Found Fir Zapp's Weapon Emporium.
 21723 | Snake:3  | Found Gupse's Distillery.
 21723 | Snake:3  | Found Mystoq's Antique Weapon Emporium.
 21728 | Snake:3  | Found Wubbulee's Armour Shoppe.
 21731 | Snake:3  | Bought a potion of curing for 48 gold pieces
 21731 | Snake:3  | Bought a potion of heal wounds for 80 gold pieces
 21740 | Snake:3  | Bought the +5 moon troll leather armour {Spirit, Regen++
                  | MP+5} for 714 gold pieces
 21740 | Snake:3  | Found the +5 moon troll leather armour {Spirit, Regen++
                  | MP+5}
 21766 | Snake:3  | Noticed Vashnia
 21779 | Snake:3  | Killed Vashnia
 21902 | Snake:3  | Reached XP level 17. HP: 135/149 MP: 26/26
 22478 | Snake:3  | Found a runed translucent gate.
 22478 | Snake:3  | Found a runed translucent gate.
 22479 | Snake:3  | Found a runed translucent gate.
 22479 | Snake:3  | Noticed Ofax's ghost (adept VSFi)
 22492 | Snake:3  | Killed Ofax's ghost
 22661 | Snake:4  | Entered Level 4 of the Snake Pit
 22679 | Snake:4  | Acquired the amulet of the Princeling {Reflect -Cast rN++
                  | Slay+3 SH+5 SInv}
 23008 | Snake:4  | Reached skill level 10 in Dodging
 23249 | Snake:4  | Got a serpentine rune of Zot
 23389 | Snake:4  | Reached XP level 18. HP: 141/157 MP: 28/28
 24494 | Lair:3   | Noticed Amaemon
 24533 | Lair:3   | Found a gate leading to a gauntlet.
 24540 | Gauntlet | Entered a Gauntlet
 24540 | Gauntlet | Found a transporter.
 24546 | Gauntlet | Found a transporter.
 24547 | Gauntlet | Found a transporter.
 24564 | Gauntlet | Found a transporter.
 24566 | Gauntlet | Found a transporter.
 24578 | Gauntlet | Found a transporter.
 24594 | Gauntlet | Found a transporter.
 24598 | Gauntlet | Found a runed translucent door.
 24605 | Gauntlet | Found a transporter.
 24611 | Gauntlet | Found a transporter.
 24613 | Gauntlet | Found a transporter.
 24625 | Gauntlet | Found a transporter.
 24654 | Gauntlet | Found a transporter.
 24672 | Gauntlet | Found a transporter.
 24685 | Gauntlet | Found a transporter.
 24729 | Gauntlet | Identified the +0 cloak of Hureczal {rC+ Slay+2 SInv
                  | Stlth+}
 24815 | Gauntlet | Identified the ring of Hepniyv {rElec rPois Str-4 Int+4}
 24858 | Gauntlet | Got the Incunabulum of the Glacier
 24895 | Lair:3   | Killed Amaemon
 25828 | Shoals:1 | Entered Level 1 of the Shoals
 26301 | Shoals:1 | Reached skill level 15 in Axes
 26825 | Shoals:2 | Reached XP level 19. HP: 165/165 MP: 29/29
 27603 | Shoals:3 | Noticed Jorgrun
 27621 | Shoals:3 | Killed Jorgrun
 27650 | Shoals:3 | Reached skill level 15 in Armour
 27674 | Shoals:3 | Noticed Polyphemus
 27702 | Shoals:3 | Killed Polyphemus
 27715 | Shoals:3 | Noticed Ilsuiw
 27729 | Shoals:3 | Killed Ilsuiw
 28448 | Shoals:4 | Entered Level 4 of the Shoals
 28899 | Shoals:4 | Reached XP level 20. HP: 174/174 MP: 30/30
 29214 | Shoals:4 | Got a barnacled rune of Zot
 30319 | Lair:4   | Found a staircase to the Slime Pits.
 31110 | Lair:5   | Entered Level 5 of the Lair of Beasts
 32476 | Vaults:1 | Entered Level 1 of the Vaults
 32999 | Vaults:1 | Upgraded the game from 0.31-a0-1161-g593ecc88b7 to
                  | 0.31-a0-1178-gc5c9b8f871
 33047 | Vaults:1 | Acquired the +1 pair of boots of Past Mistakes {-Cast rC-
                  | Slay+5 Stlth+}
 33193 | Vaults:1 | Reached skill level 10 in Evocations
 33835 | Vaults:2 | Reached XP level 21. HP: 170/182 MP: 31/31
 35392 | Vaults:3 | Reached XP level 22. HP: 190/190 MP: 32/32
 36050 | Vaults:3 | Found a staircase to the Crypt.
 36498 | Crypt:1  | Entered Level 1 of the Crypt
 36833 | Crypt:1  | Noticed Dassydak's ghost (adept GrFi)
 36836 | Crypt:1  | Noticed Wyquac's ghost (adept OpEE)
 36837 | Crypt:1  | Noticed Echoppoj's ghost (veteran VSSu)
 36933 | Crypt:1  | Reached skill level 15 in Invocations
 36962 | Crypt:1  | Found a transporter.
 37023 | Crypt:1  | Found a transporter.
 37364 | Crypt:1  | Found an ancient bone altar of Kikubaaqudgha.
 37806 | Crypt:2  | Reached XP level 23. HP: 198/198 MP: 34/34
 38296 | Crypt:3  | Entered Level 3 of the Crypt
 38780 | Crypt:3  | Noticed a curse toe
 38780 | Crypt:3  | Noticed a royal mummy
 38801 | Crypt:3  | Killed a curse toe
 38803 | Crypt:3  | Killed a royal mummy
 38912 | Crypt:3  | Noticed an ancient lich
 38918 | Crypt:3  | Killed an ancient lich
 38954 | Crypt:3  | Found an ancient bone altar of Kikubaaqudgha.
 38959 | Crypt:3  | Found a basalt altar of Yredelemnul.
 39006 | Crypt:3  | Identified the staff of Saltpetre {+Blink rF+ rN+ rCorr
                  | Necro}
 39014 | Crypt:3  | Identified the ring of Sienoa {rF+ rC+ rN+ Dex-2}
 39014 | Crypt:3  | Identified the ring "Voargh" {rN+ Int-3 Dex+3 SInv}
 39014 | Crypt:3  | Identified the ring of Netaa {^Drain rN+ rCorr Dex+4}
 39038 | Crypt:3  | Identified the +7 scimitar of the Enchanted Forest {flame,
                  | +Blink rF+}
 39065 | Crypt:3  | Acquired the +8 broad axe of Precise Incision {antimagic,
                  | rF+ Dex+4}
 39318 | Crypt:3  | Found a staircase to the Tomb.
 39615 | Tomb:1   | Entered Level 1 of the Tomb of the Ancients
 39913 | Tomb:1   | Noticed a royal mummy
 39928 | Tomb:1   | Killed a royal mummy
 40179 | Tomb:1   | Noticed a royal mummy
 40189 | Tomb:1   | Reached XP level 24. HP: 206/208 MP: 12/35
 40200 | Tomb:1   | Noticed a royal mummy
 40214 | Tomb:1   | Killed a royal mummy
 40228 | Tomb:1   | Killed a royal mummy
 41021 | Crypt:1  | Killed Echoppoj's ghost
 41031 | Crypt:1  | Killed Wyquac's ghost
 41058 | Crypt:1  | Killed Dassydak's ghost
 41403 | Vaults:4 | Noticed Bai Suzhen
 41424 | Vaults:4 | Killed Bai Suzhen
 42314 | Vaults:4 | Noticed an ancient lich
 42328 | Vaults:4 | Killed an ancient lich
 42762 | Vaults:5 | Entered Level 5 of the Vaults
 42765 | Vaults:5 | Reached XP level 25. HP: 195/216 MP: 5/35
 42884 | Vaults:5 | HP: 2/216 [quicksilver dragon simulacrum[a necromancer]
                  | (43)]
 42946 | Vaults:5 | Noticed an ancient lich
 42951 | Vaults:5 | Killed an ancient lich
 42975 | Vaults:5 | Identified the +8 long sword of the Equator {flame, +Blink}
 43076 | Vaults:5 | Noticed a dread lich
 43098 | Vaults:5 | Reached skill level 15 in Dodging
 43099 | Vaults:5 | Killed a dread lich
 43263 | Vaults:5 | Identified the +0 hand axe "Bidwudgh" {flame, Dex+3}
 43386 | Vaults:5 | Got Yseokih's Omnibus of the Dead
 43422 | Vaults:5 | Found the +7 lajatang of Order {silver, rMut}
 43428 | Vaults:5 | Identified the ring "Ykhumeac" {rF+ Will+}
 43588 | Vaults:5 | Identified the staff of Peace {rElec rPois rC+ Will+ Conj}
 43637 | Vaults:5 | Got the Quarto of Cooperative Permutations
 43663 | Vaults:5 | Found the +2 hood of the Assassin {Detect Stab+ Stlth++}
 43697 | Vaults:5 | Got the Elucidation of the Coruscating Map
 43724 | Vaults:5 | Identified the +9 shortbow "Cuokluf" {flame, Will++}
 43799 | Vaults:5 | Got a silver rune of Zot
 45232 | D:14     | Identified the +5 scale mail of Utovavell {Rampage Int+4}
 45615 | D:15     | Entered Level 15 of the Dungeon
 45887 | D:15     | Found a staircase to the Depths.
 45928 | D:15     | Found Qextymei's Book Shop.
 46087 | D:15     | Found a portal to a secret trove of treasure.
 47188 | Elf:1    | Entered Level 1 of the Elven Halls
 47200 | Elf:1    | Reached XP level 26. HP: 225/225 MP: 13/35
 47341 | Elf:1    | Noticed Donald
 47352 | Elf:1    | Killed Donald
 47395 | Elf:1    | Identified the ring of Wetaufur {rPois rC+ Str+3 Int-4
                  | Dex+4}
 47405 | Elf:1    | Found a huge runed translucent gate.
 47419 | Elf:1    | Found a huge runed translucent gate.
 47419 | Elf:1    | Found a huge runed translucent gate.
 47419 | Elf:1    | Found a huge runed translucent gate.
 47419 | Elf:1    | Found a huge runed translucent gate.
 47419 | Elf:1    | Found a huge runed translucent gate.
 47419 | Elf:1    | Found a huge runed translucent gate.
 47420 | Elf:1    | Found a huge runed translucent gate.
 47420 | Elf:1    | Found a huge runed translucent gate.
 47420 | Elf:1    | Found a huge runed translucent gate.
 47420 | Elf:1    | Found a huge runed translucent gate.
 47421 | Elf:1    | Found a huge runed translucent gate.
 47421 | Elf:1    | Found a huge runed translucent gate.
 47421 | Elf:1    | Found a huge runed translucent gate.
 47421 | Elf:1    | Found a huge runed translucent gate.
 47421 | Elf:1    | Found a huge runed translucent gate.
 47421 | Elf:1    | Found a huge runed translucent gate.
 47421 | Elf:1    | Found a huge runed translucent gate.
 47421 | Elf:1    | Found a huge runed translucent gate.
 47421 | Elf:1    | Found a huge runed translucent gate.
 47797 | Elf:1    | Identified the +1 dagger of Ucowagas {drain, Fly rElec rC-
                  | Str+7}
 48347 | Elf:2    | Found a runed translucent gate.
 48348 | Elf:2    | Found a runed translucent gate.
 48349 | Elf:2    | Found a runed translucent gate.
 48545 | Elf:2    | Found a shimmering blue altar of Sif Muna.
 49325 | Elf:3    | Entered Level 3 of the Elven Halls
 49423 | Elf:3    | Noticed Norris
 49447 | Elf:3    | Killed Norris
 49498 | Elf:3    | Identified the +6 plate armour of Hadjma {Int+3}
 49498 | Elf:3    | Identified the ring of the Invisible Hand {*Corrode rPois
                  | EV+5 Dex+5 Stlth+}
 49575 | Elf:3    | Identified the +4 war axe "Impslayer" {heavy, rPois rC-
                  | rN++ rCorr}
 49683 | Elf:3    | Identified the amulet "Sazoit" {Faith Str+5}
 49700 | Elf:3    | Got Ryjiz's Codex of the Amalgamated Fifth Circle
 49710 | Elf:3    | Identified the +7 spear of Integrity {flame, rF+ Will++
                  | Str-5}
 49715 | Elf:3    | Identified the +5 orcbow of Amuetaux {drain, ^Fragile rPois
                  | Dex+5}
 49734 | Elf:3    | Found the +3 giant club "Skullcrusher" {speed, Str+7}
 49965 | Elf:3    | Found Bufuosk's Magic Scroll Shop.
 49969 | Elf:3    | Bought a scroll of acquirement for 572 gold pieces
 49969 | Elf:3    | Bought a scroll of immolation for 44 gold pieces
 49969 | Elf:3    | Bought a scroll of fear for 44 gold pieces
 49969 | Elf:3    | Bought a scroll of immolation for 44 gold pieces
 49974 | Elf:3    | Acquired 623 gold pieces
 50140 | Elf:3    | Found Xuhipuc's Distillery.
 50157 | Elf:3    | Bought a potion of curing for 57 gold pieces
 50157 | Elf:3    | Bought a potion of might for 76 gold pieces
 50157 | Elf:3    | Bought a potion of enlightenment for 95 gold pieces
 51711 | Slime:1  | Entered Level 1 of the Pits of Slime
 51747 | Slime:2  | Reached XP level 27. HP: 208/233 MP: 11/36
 52212 | Slime:5  | Entered Level 5 of the Pits of Slime
 52305 | Slime:5  | Noticed the Royal Jelly
 52393 | Slime:5  | Killed the Royal Jelly
 52582 | Slime:5  | Found the +11 plutonium sword {^Contam Stlth-}
 52595 | Slime:5  | Identified the +5 plate armour of Grot {rF+ Int+2}
 52606 | Slime:5  | Identified the +4 longbow "Zios Efe" {freeze, Fly rF+ MP+9}
 52616 | Slime:5  | Noticed Dissolution
 52624 | Slime:5  | Killed Dissolution
 52657 | Slime:5  | Identified the +3 trident of the Vestibule of Hell {holy,
                  | rC+}
 52658 | Slime:5  | Identified the +5 flail "Yweczit" {freeze, Fly Str+7}
 52666 | Slime:5  | Identified the +9 longbow "Newtbane" {antimagic, rN+ Str+4}
 52700 | Slime:5  | Identified the +0 leather armour of Nemelex Xobeh's Scorn
                  | {rCorr Str+5 Stlth-}
 52708 | Slime:5  | Identified the +9 orcbow of Lughify {freeze, rCorr}
 52725 | Slime:5  | Found the +8 autumn katana {manifold assault}
 52730 | Slime:5  | Identified the orb "Taer" {*Rage, rN+++ Dex-4 Ice Earth}
 52742 | Slime:5  | Got a slimy rune of Zot
 54202 | Slime:1  | Gained mutation: Your body sometimes deteriorates upon
                  | taking damage. [a shining eye]
 54208 | Slime:1  | Gained mutation: You are frail. (-10% HP) [a shining eye]
 54338 | Slime:2  | Gained mutation: Armour fits poorly on your strangely
                  | shaped body. [a shining eye]
 54546 | Lair:4   | Lost mutation: Your body sometimes deteriorates upon taking
                  | damage. [potion of mutation]
 54546 | Lair:4   | Lost mutation: You are frail. (-10% HP) [potion of
                  | mutation]
 54546 | Lair:4   | Lost mutation: Armour fits poorly on your strangely shaped
                  | body. [potion of mutation]
 54546 | Lair:4   | Gained mutation: You are robust. (+10% HP) [potion of
                  | mutation]
 54546 | Lair:4   | Gained mutation: You are somewhat resistant to further
                  | mutation. [potion of mutation]
 55004 | D:10     | Bought 3 scrolls of revelation for 292 gold pieces
 55004 | D:10     | Bought a scroll of fog for 52 gold pieces
 55004 | D:10     | Bought 2 scrolls of immolation for 104 gold pieces
 55128 | D:12     | Bought a potion of mutation for 288 gold pieces
 55128 | D:12     | Bought a potion of lignification for 108 gold pieces
 55233 | Depths:1 | Entered Level 1 of the Depths
 55547 | Depths:1 | Found a gateway to Hell.
 55564 | Depths:1 | Identified the +5 demon trident "Vuog Sos" {flame, Str+5}
 55588 | Depths:1 | Identified the +0 leather armour of the Serpent {rC+}
 55811 | Depths:1 | Found a transporter.
 55813 | Depths:1 | Found a transporter.
 55817 | Depths:1 | Found a transporter.
 55847 | Depths:1 | Found a transporter.
 56118 | Depths:1 | Found a one-way gate leading to the halls of Pandemonium.
 56458 | Depths:2 | Noticed a juggernaut
 56473 | Depths:2 | Killed a juggernaut
 56481 | Depths:2 | Gained mutation: Your body sometimes deteriorates upon
                  | taking damage. [mutagenic glow]
 56496 | Depths:2 | Gained mutation: Armour fits poorly on your strangely
                  | shaped body. [mutagenic glow]
 56627 | Depths:2 | Identified the staff of the Vanishing Emperors {rElec rC+
                  | Str+3 Air}
 58459 | Depths:3 | Found a runed translucent door.
 58612 | Depths:3 | Noticed Louise
 58614 | Depths:3 | Found a one-way gate to the infinite horrors of the Abyss.
 58621 | Depths:3 | Killed Louise
 58633 | Depths:3 | Found a one-way gateway to a ziggurat.
 59227 | Depths:4 | Entered Level 4 of the Depths
 59406 | Depths:4 | Noticed a juggernaut
 59497 | Depths:4 | Found a runed translucent gate.
 59498 | Depths:4 | Found a runed translucent gate.
 59499 | Depths:4 | Found a runed translucent gate.
 59499 | Depths:4 | Noticed Zyku Vof's ghost (veteran MfIE)
 59640 | Depths:4 | Found Xuajoxko's Antique Weapon Emporium.
 59867 | Depths:4 | Noticed Frederick
 59875 | Depths:4 | Killed Frederick
 59966 | Depths:4 | Found a gate to the Realm of Zot.
 60353 | Depths:4 | Killed a juggernaut
 60363 | Depths:4 | Killed Zyku Vof's ghost
 60622 | Hell     | Entered the Vestibule of Hell
 60622 | Hell     | Noticed Geryon
 60668 | Hell     | Killed Geryon
 60800 | Hell     | Found a gateway to the freezing wastes of Cocytus.
 60840 | Hell     | Found a gateway to the Iron City of Dis.
 61007 | Hell     | Found a gateway to the ashen valley of Gehenna.
 61047 | Hell     | Found a gateway to the decaying netherworld of Tartarus.
 61226 | Dis:1    | Entered Level 1 of the Iron City of Dis
 62101 | Dis:2    | Lost intelligence.
 62135 | Hell     | Lost mutation: You are somewhat resistant to further
                  | mutation. [potion of mutation]
 62135 | Hell     | Lost mutation: Your body sometimes deteriorates upon taking
                  | damage. [potion of mutation]
 62135 | Hell     | Gained mutation: Your system is resistant to poisons.
                  | (rPois) [potion of mutation]
 62135 | Hell     | Gained mutation: You are somewhat resistant to further
                  | mutation. [potion of mutation]
 62136 | Hell     | Lost mutation: Armour fits poorly on your strangely shaped
                  | body. [potion of mutation]
 62136 | Hell     | Lost mutation: Your system is resistant to poisons. (rPois)
                  | [potion of mutation]
 62136 | Hell     | Lost mutation: You are somewhat resistant to further
                  | mutation. [potion of mutation]
 62136 | Hell     | Lost mutation: You are robust. (+10% HP) [potion of
                  | mutation]
 62497 | Depths:3 | Identified the +1 robe of the Salmon {^Drain rF++ rCorr
                  | Slay+2}
 62865 | Depths:3 | Identified the amulet of Vegoheluck {RegenMP Harm}
 62938 | Depths:3 | Voluntarily entered the Abyss.
 63284 | Abyss:1  | Found a corrupted altar of Lugonu.
 63319 | Abyss:1  | Found a corrupted altar of Lugonu.
 63427 | Abyss:2  | Found a corrupted altar of Lugonu.
 63427 | Abyss:2  | Noticed a dread lich
 63434 | Abyss:2  | Killed a dread lich
 63502 | Abyss:2  | Gained mutation: You are dopey. (Int -2) [a neqoxec]
 63583 | Abyss:2  | Lost mutation: You are dopey. (Int -2) [potion of mutation]
 63583 | Abyss:2  | Gained mutation: Your spells are a little easier to cast,
                  | but a little less powerful. [potion of mutation]
 63583 | Abyss:2  | Gained mutation: You are strong-willed. (Will+) [potion of
                  | mutation]
 63839 | Depths:3 | Escaped the Abyss
 63843 | Depths:3 | Voluntarily entered the Abyss.
 63969 | Abyss:2  | Found a corrupted altar of Lugonu.
 64042 | Abyss:2  | Found a corrupted altar of Lugonu.
 64080 | Abyss:2  | Found a corrupted altar of Lugonu.
 64121 | Abyss:2  | Found a corrupted altar of Lugonu.
 64122 | Abyss:2  | Found a corrupted altar of Lugonu.
 64122 | Abyss:2  | Found a corrupted altar of Lugonu.
 64206 | Abyss:2  | Found a corrupted altar of Lugonu.
 64221 | Abyss:2  | Found a corrupted altar of Lugonu.
 64294 | Abyss:2  | Found a corrupted altar of Lugonu.
 64566 | Depths:3 | Escaped the Abyss
 64713 | Pan      | Entered Pandemonium
 64819 | Pan      | Noticed Milis the pandemonium lord
 64838 | Pan      | Killed Milis the pandemonium lord
 65540 | Pan      | Gained mutation: You are vulnerable to cold. (rC-) [a
                  | neqoxec]
 65544 | Pan      | Gained mutation: You occasionally lose the ability to drink
                  | potions when taking damage. [a neqoxec]
 65563 | Pan      | Lost mutation: You are vulnerable to cold. (rC-) [potion of
                  | mutation]
 65563 | Pan      | Lost mutation: Your spells are a little easier to cast, but
                  | a little less powerful. [potion of mutation]
 65563 | Pan      | Gained mutation: You have hidden genetic potential. [potion
                  | of mutation]
 65563 | Pan      | Gained mutation: You are vulnerable to heat. (rF-) [potion
                  | of mutation]
 65930 | Pan      | Noticed Mennas
 65972 | Pan      | Killed Mennas
 66067 | Pan      | Noticed Ufoc the pandemonium lord
 66083 | Pan      | Killed Ufoc the pandemonium lord
 66722 | Pan      | Noticed Patran the pandemonium lord
 66739 | Pan      | Killed Patran the pandemonium lord
 67182 | Pan      | Gained mutation: You are dopey. (Int -2) [a neqoxec]
 67654 | Pan      | Noticed Uttuorgh the pandemonium lord
 67681 | Pan      | Killed Uttuorgh the pandemonium lord
 68090 | Pan      | Entered the realm of Gloorx Vloq.
 68156 | Pan      | Lost mutation: You occasionally lose the ability to drink
                  | potions when taking damage. [potion of mutation]
 68156 | Pan      | Lost mutation: You have hidden genetic potential. [potion
                  | of mutation]
 68156 | Pan      | Gained mutation: You are covered in fur. (AC +1) [potion of
                  | mutation]
 68156 | Pan      | Gained mutation: You are agile. (Dex +4, Str/Int -1)
                  | [potion of mutation]
 68163 | Pan      | Found an exit through the horrors of the Abyss.
 68562 | Pan      | Noticed Gloorx Vloq
 68575 | Pan      | Killed Gloorx Vloq
 68787 | Pan      | Got a dark rune of Zot
 69860 | Pan      | Noticed Gunnyul the pandemonium lord
 69883 | Pan      | Killed Gunnyul the pandemonium lord
 70621 | Pan      | Gained mutation: You occasionally lose the ability to read
                  | scrolls when taking damage. [a neqoxec]
 70623 | Pan      | Gained mutation: You sometimes lose the ability to read
                  | scrolls when taking damage. [a neqoxec]
 70642 | Pan      | Noticed Vaga the pandemonium lord
 70655 | Pan      | Killed Vaga the pandemonium lord
 70659 | Pan      | Reached skill level 27 in Axes
 70828 | Pan      | Found a runed translucent door.
 70856 | Pan      | Got a demonic rune of Zot
 71368 | Pan      | Found an exit through the horrors of the Abyss.
 71700 | Pan      | Gained mutation: You are partially covered in iridescent
                  | scales. (AC +2) [a neqoxec]
 71703 | Pan      | Noticed Okomywne the pandemonium lord
 71712 | Pan      | Killed Okomywne the pandemonium lord
 71759 | Pan      | Gained mutation: You have hidden genetic defects. [a
                  | neqoxec]
 71808 | Pan      | Found an exit through the horrors of the Abyss.
 72089 | Pan      | Gained mutation: You expend magic power (3 MP) to
                  | strengthen your wands. [a neqoxec]
 72090 | Pan      | Gained mutation: Your magical capacity is low. (-10% MP) [a
                  | neqoxec]
 72511 | Pan      | Identified the +1 short sword "Xiocao" {flame, rF+ Str+3
                  | Int-4}
 72558 | Pan      | Noticed Cionyuc the pandemonium lord
 72577 | Pan      | Killed Cionyuc the pandemonium lord
 72586 | Pan      | Lost mutation: You expend magic power (3 MP) to strengthen
                  | your wands. [potion of mutation]
 72586 | Pan      | Lost mutation: You are strong-willed. (Will+) [potion of
                  | mutation]
 72586 | Pan      | Lost mutation: You are vulnerable to heat. (rF-) [potion of
                  | mutation]
 72586 | Pan      | Lost mutation: You sometimes lose the ability to read
                  | scrolls when taking damage. [potion of mutation]
 72586 | Pan      | Gained mutation: You are mostly covered in iridescent
                  | scales. (AC +4) [potion of mutation]
 72586 | Pan      | Lost mutation: Your magical capacity is low. (-10% MP)
                  | [potion of mutation]
 72600 | Pan      | Gained mutation: You are weak. (Str -2) [hidden defects]
 72737 | Pan      | Reached skill level 27 in Shields
 72843 | Pan      | Reached skill level 15 in Evocations
 73298 | Pan      | Noticed Zaumodoi the pandemonium lord
 73319 | Pan      | Killed Zaumodoi the pandemonium lord
 73344 | Pan      | Gained mutation: You occasionally shout uncontrollably at
                  | your foes. [hidden defects]
 73344 | Pan      | Lost mutation: You have hidden genetic defects. [hidden
                  | defects expressed]
 73366 | Pan      | Gained mutation: You sometimes lose the ability to read
                  | scrolls when taking damage. [a cacodemon]
 73490 | Pan      | Identified the +5 flail of Doom {flame, rC+ SInv Stlth+}
 74107 | Pan      | Found an exit through the horrors of the Abyss.
 74558 | Pan      | Entered the realm of Mnoleg.
 74559 | Pan      | Noticed Mnoleg
 74563 | Pan      | Gained mutation: You are frail. (-10% HP) [a neqoxec]
 74595 | Pan      | Killed Mnoleg
 74600 | Pan      | Gained mutation: You occasionally lose the ability to drink
                  | potions when taking damage. [a neqoxec]
 74605 | Pan      | Gained mutation: You sometimes lose the ability to drink
                  | potions when taking damage. [a cacodemon]
 74954 | Pan      | Found an exit through the horrors of the Abyss.
 75219 | Pan      | Got a glowing rune of Zot
 75440 | Pan      | Lost mutation: You sometimes lose the ability to drink
                  | potions when taking damage. [a neqoxec]
 75468 | Pan      | Entered the realm of Lom Lobon.
 75469 | Pan      | Upgraded the game from 0.31-a0-1178-gc5c9b8f871 to
                  | 0.31-a0-1202-ga8fea8b373
 75892 | Pan      | Noticed Lom Lobon
 75907 | Pan      | Killed Lom Lobon
 75933 | Pan      | Got a magical rune of Zot
 76399 | Pan      | Entered the realm of Cerebov.
 76444 | Pan      | Found an exit through the horrors of the Abyss.
 76665 | Pan      | Found the +6 sword of Cerebov {flame}
 76665 | Pan      | Noticed Cerebov
 76737 | Pan      | Identified the +5 long sword "Xerojut" {vamp, rElec Will+
                  | Int-2 SInv}
 76762 | Pan      | Killed Cerebov
 76779 | Pan      | Got a fiery rune of Zot
 76876 | Pan      | Identified the +2 whip of Taphan {freeze, rPois Dex+3}
 77059 | Pan      | Reached skill level 27 in Fighting
 77669 | Pan      | Identified the +1 tower shield of Calculation {+Inv rElec
                  | rC+ Str+2}
 77774 | Pan      | Found a glowing silver altar of Zin.
 78213 | Pan      | Noticed a seraph
 78224 | Pan      | Reached skill level 1 in Maces & Flails
 78228 | Pan      | Killed a seraph
 78264 | Pan      | Found a glowing golden altar of the Shining One.
 78268 | Pan      | Identified the +7 sling "Fasagogg" {heavy, rC+ Will+ Int-3}
 78268 | Pan      | Identified the ring "Neasyodo" {rPois rF+ Str-4 Dex+6}
 78293 | Pan      | Identified the +0 scale mail of the King of the Hill
                  | {Dex+3}
 78365 | Depths:2 | Escaped Pandemonium
 78657 | D:15     | You paid a toll of +2 gold dragon scales to enter a
                  | treasure trove
 78658 | Trove    | Entered a treasure trove
 78665 | Trove    | Identified the +0 executioner's axe of Jifucyt {freeze,
                  | rCorr Int+6}
 78677 | Trove    | Identified the +0 pair of gloves of Imeokuu {Harm rPois
                  | Regen+ Dex-2}
 78682 | Trove    | Identified the +0 plate armour of Zamurchoe {rC+ rN+
                  | Stlth-}
 78709 | Trove    | Identified the scarf "Onyh" {+Inv, rElec Str+4 Dex-3}
 78725 | Trove    | Identified the ring of Loffia {rC++ rN+}
 79373 | Tomb:1   | Gained mutation: Armour fits poorly on your strangely
                  | shaped body. [mutagenic glow]
 79393 | Tomb:1   | Gained mutation: Your body sometimes deteriorates upon
                  | taking damage. [mutagenic glow]
 79400 | Tomb:1   | Lost mutation: You are agile. (Dex +4, Str/Int -1)
                  | [mutagenic glow]
 79413 | Tomb:1   | Gained mutation: You sometimes lose the ability to drink
                  | potions when taking damage. [mutagenic glow]
 79445 | Tomb:2   | Noticed a royal mummy
 79445 | Tomb:2   | Noticed a royal mummy
 79448 | Tomb:2   | Noticed a royal mummy
 79448 | Tomb:2   | Noticed a royal mummy
 79455 | Tomb:2   | Killed a royal mummy
 79455 | Tomb:2   | HP: 1/224 [spore (16)]
 79455 | Tomb:2   | Killed by a mummy priest's death curse

Illustrated notes

Levels and vault maps discovered:
D:1:      lemuel_arrival_lava_pool, layout_basic
D:2:      layout_rooms
D:3:      layout_basic, nicolae_overflow_ecumenical_swirl
D:4:      layout_basic, nicolae_hepliaklqana_hazy_memory,
          gammafunk_ghost_stat_death, dk_rats_in_the_wall
D:5:      layout_rooms, minmay_temple_entry_trees, enter_ossuary_2,
          kennysheep_generic_room_4, uniq_crazy_yiuf_cottage
D:6:      layout_loops_ring, gup_sewer_entry_pipe, supply_closet_lemuel
D:7:      minmay_razor_zed, layout_loops_ring, serial_glass, glass_columns_a,
          glass_columns_b, glass_columns_a, glass_columns_a, glass_columns_a,
          glass_columns_a, uniq_prince_ribbit1
D:8:      layout_loops_cross, due_lair_maze_entry_diamond, enter_bailey_4,
          uniq_grum
D:9:      minmay_ornate_pinched, layout_cave_pods, kennysheep_mini,
          serial_shops, shop, serial_park_tiny_1
D:10:     layout_basic, lemuel_doored_altar, minmay_orc_entry_temple_small,
          serial_undead, serial_undead_f, serial_undead_c, serial_undead_c,
          serial_undead_e, serial_undead_a, serial_undead_b,
          nicolae_stop_n_shop_2, uniq_maurice, uniq_harold
D:11:     layout_long_grid, minmay_tree_intersection, uniq_urug, uniq_sonja
D:12:     layout_loops_corners, portal_ice_cave_entry_pillars_2, serial_shops,
          shop, kennysheep_just_a_vault
D:13:     kennysheep_ambush_hall, layout_small_grid,
          grunt_vaults_entry_fortified, serial_library,
          serial_library_hellmonk_h_bend, serial_library_hellmonk_octagon,
          serial_library_hellmonk_secret_room,
          serial_library_hellmonk_reading_circle,
          serial_library_hellmonk_angled_corner,
          serial_library_hellmonk_hallway_b, serial_library_hellmonk_open_cross,
          serial_library_hellmonk_filled_rooms,
          serial_library_regret_index_multi, uniq_frances, uniq_azrael,
          uniq_josephine
D:14:     layout_irregular_city, dk_noncrumbling_4, serial_bayou_lagoon_a,
          argonaut_gorgonesque
D:15:     grunt_enter_depths_magical_seal, layout_cave_pools, serial_rivers,
          chequers_serial_rivers_large_a, chequers_serial_rivers_micro_e,
          chequers_serial_rivers_micro_e, chequers_serial_rivers_room_a,
          chequers_serial_rivers_marsh, chequers_serial_rivers_marsh,
          serial_shops, shop, nicolae_trove_entry_columns,
          ebering_dispersal_statue_hall
Temple:   nicolae_temple_no_exploring_needed
Lair:1:   layout_gridlike, serial_forest, infiniplex_forest_lined_2,
          infiniplex_forest_clump_double, infiniplex_forest_lined_ring,
          infiniplex_forest_clump_cross, infiniplex_forest_fountain,
          infiniplex_forest_lined_corner, infiniplex_forest_clump_diagonal,
          serial_bayou_lagoon_b, lemuel_fruit_tree
Lair:2:   layout_roguey, nicolae_shoals_entry_flooding,
          alex1729_snake_entry_snake, grunt_megastairs_4, serial_bayou_shore_a,
          lemuel_fruit_fields
Lair:3:   layout_regular_city, gauntlet_entry_generic,
          dreamdust_mushroom_princess, uniq_amaemon
Lair:4:   layout_roguey, slime_entry_2, nicolae_lair_time_for_slime,
          grunt_megastairs_1
Lair:5:   hangedman_lair_tendril_chambers, layout_loops_ring,
          serial_bayou_shore_b
Shoals:1: layout_shoals
Shoals:2: layout_shoals, nicolae_shoals_kraken_intersection
Shoals:3: layout_shoals, uniq_polyphemus, uniq_ilsuiw, uniq_jorgrun
Shoals:4: shoals_end_simple, layout_shoals
Snake:1:  layout_grid_maze, uniq_aizul
Snake:2:  layout_grid_shapes, basic_altar, nicolae_integral_box, uniq_nikola
Snake:3:  layout_gridlike, ebering_ghost_rock_garden,
          nicolae_snake_coiling_death, minmay_shoptagon, serial_bayou_shore_b,
          uniq_vashnia
Snake:4:  snake_pit_salamanders_mu, layout_cave_shapes,
          nicolae_snake_scaly_snakehead
Slime:1:  layout_caves
Slime:2:  layout_caves
Slime:3:  layout_caves
Slime:4:  layout_caves
Slime:5:  slime_pit_nicolae_block_by_block, uniq_dissolution
Orc:1:    dreamdust_dug_too_deep, layout_diamond_mine, serial_shops,
          nicolae_shop_waterfront, basic_altar
Orc:2:    st_orc_rangers, layout_caves, basic_altar
Elf:1:    eino_elf_arrival_customs, layout_gridlike, hangedman_elf_represent,
          corexii_checkpoint, uniq_donald
Elf:2:    elven_hall_of_blades_hangedman_original
          [nicolae_blade_entry_diamond_columns], layout_geoelf_octagon,
          basic_altar
Elf:3:    grunt_elf_hall_spiral, layout_geoelf_grid, serial_shops,
          nicolae_shop_peninsula, nicolae_shop_trees, guppyfry_elf_castle,
          uniq_norris
Vaults:1: vaults_standard_mumra_x, v_pattern_5, st_spiral_rooms,
          nicolae_vaults_tetromino_L_1, v_misc_18, hangedman_vaults_nails,
          vaults_room_grunt_arrival_checkpoint,
          nicolae_vaults_doubleplus_tesselated, layout_vaults_omnigrid
Vaults:2: v_pattern_4, hangedman_vaults_trim, nicolae_vaults_border_crossing,
          hangedman_vaults_capsules, grunt_vaults_funnel,
          nicolae_vaults_wine_cellar, st_more_cells,
          hangedman_vaults_stretched_pinwheel, vaults_mumra_chevron_long,
          nicolae_vaults_angled_halls, vaults_dpeg_cross, vaults_room_door_ring,
          layout_vaults_ring
Vaults:3: nicolae_vaults_mitosis, vaults_room_fancy_cross,
          ontoclasm_vaults_misaligned, vaults_mumra_hex, hangedman_vaults_snaps,
          nicolae_vaults_big_angled_halls, minmay_crypt_entry_skeletal_spiral,
          nicolae_vaults_tetromino_L_2, nicolae_vaults_windows_and_doors_thing,
          layout_vaults_omnibox
Vaults:4: st_greater_box_1, ontoclasm_vaults_hangar, vaults_mumra_chevron,
          vaults_room_pool, nicolae_vaults_turnstiles, hangedman_vaults_maws,
          nicolae_vaults_house_2, nicolae_vaults_storage_closets_1,
          hangedman_vaults_trim, layout_vaults_omnicross, uniq_bai_suzhen
Vaults:5: serial_shops
Crypt:1:  hangedman_staggered_hall, layout_misc_corridors, nzn_ghost_randoct,
          basic_altar, minicrypt_bobbens
Crypt:2:  layout_regular_city
Crypt:3:  lightli_unholy_cathedral, layout_chaotic_city,
          tomb_entry_simple_bobbens
Tomb:1
Tomb:2
Depths:1: layout_cave_pools, hellmouth_2, rand_demon_pan_entry_9, serial_bayou,
          serial_bayou_ford_a, serial_bayou_lake_a, serial_bayou_pond_e,
          serial_bayou_pond_d, serial_bayou_pond_a, minmay_hedge_maze,
          nicolae_transporter_circle
Depths:2: minmay_the_grid_octo_tiled_squarecenter
          [minmay_the_grid_octo_pinwheel, minmay_the_grid_octo_concentric,
          minmay_the_grid_octo_toaster, minmay_the_grid_octo_teeth,
          minmay_the_grid_square_5x5_megaprize_diamond,
          minmay_the_grid_square_5x5_almost_minimal,
          minmay_the_grid_square_5x5_two_walls_a,
          minmay_the_grid_square_5x5_eight, minmay_the_grid_square_5x5_meh],
          layout_gridlike, grunt_hell_entry_dis_mu, rand_demon_pan_entry_8,
          hangedman_decor_slide_cut, infiniplex_staircase_spiral_double
Depths:3: cheibrodos_quadrivalence, layout_honeycomb, enter_ziggurat_c,
          nicolae_abyss_entry_one_way_or_another, hell_entry,
          minmay_misc_feat_x, minivault_21, minmay_crystal_box
Depths:4: grunt_zot_entry_gee_three, layout_basic, serial_shops,
          nicolae_shop_tiny_real_fake_doors, gammafunk_ghost_split,
          serial_aquarium, aquarium_bridge_island_small
          [aquarium_subvault_small_open, aquarium_subvault_bridge,
          aquarium_subvault_wall, aquarium_subvault_window,
          aquarium_subvault_bridge], aquarium_window_corridor_2,
          aquarium_window_double, aquarium_window_2, aquarium_window_1,
          aquarium_view_2g, aquarium_view_2d, aquarium_balcony_3a,
          aquarium_pool_corner, hell_entry, minivault_16, uniq_frederick
Hell
Dis:1:    layout_gridville
Dis:2:    layout_subdivisions
Dis:3:    layout_gridville, nicolae_hells_seeping_fissure
Dis:4:    layout_regular_city, lemuel_dis_dragons

Skill      XL: |  1  2  3  4  5  6  7  8  9 10 11 12 13 14 15 16 17 18 19 20 21 22 23 24 25 26 27 |
---------------+----------------------------------------------------------------------------------+-----
Fighting       | 4 5 6 7 8 10 12 14 16 17 18 19 20 21 22 27 | 27.0
Armour         | 4 5 6 7 8 9 10 11 12 13 14 15 16 17 18 19 20 25 | 25.2
Axes           | 3 4 5 6 7 8 9 10 11 12 13 15 16 17 18 19 20 21 22 27 | 27.0
Shields        | 5 6 7 8 10 11 12 13 14 15 16 17 18 19 20 21 22 27 | 27.0
Invocations    | 2 4 6 7 8 9 10 11 12 13 14 15 16 17 18 24 | 24.1
Dodging        | 1 3 5 6 7 8 9 10 11 12 13 14 15 20 | 20.7
Evocations     | 1 3 5 7 8 10 11 17 | 17.5
Maces & Flails | 2 |  2.0

Action                     |  1- 3 |  4- 6 |  7- 9 | 10-12 | 13-15 | 16-18 | 19-21 | 22-24 | 25-27 || total
---------------------------+-------+-------+-------+-------+-------+-------+-------+-------+-------++-------
  Melee: War axe           |    75 |   205 |   364 |    44 |       |       |       |       |       ||   688
         Hand axe          |       |       |       |   302 |       |       |       |       |       ||   302
         Battleaxe         |       |       |       |   129 |   624 |   622 |  1056 |   674 |       ||  3105
         Broad axe         |       |       |       |       |       |       |       |   473 |  4841 ||  5314
         Executioner's axe |       |       |       |       |       |       |       |       |     1 ||     1
 Invoke: Upheaval          |       |       |       |     5 |     1 |       |       |       |       ||     6
         Elemental Force   |       |       |       |       |     1 |     1 |       |     3 |     9 ||    14
         Disaster Area     |       |       |       |       |       |       |     3 |    11 |     5 ||    19
Ability: Dig               |       |       |       |       |     3 |     2 |       |       |    25 ||    30
  Evoke: Wand              |       |       |       |    10 |     1 |       |       |    11 |     8 ||    30
         Lightning rod     |       |       |       |     2 |    12 |     7 |     1 |     8 |     6 ||    36
         Phantom mirror    |       |       |       |       |     1 |     2 |       |     3 |    10 ||    16
         Box of beasts     |       |       |       |       |       |     2 |     1 |     3 |     8 ||    14
         Horn of Geryon    |       |       |       |       |       |       |       |       |     5 ||     5
    Use: Potion            |       |     1 |       |     5 |     2 |     3 |     1 |    25 |    40 ||    77
         Scroll            |       |       |       |    23 |    10 |     7 |     3 |     9 |    41 ||    93
   Stab: Distracted        |       |       |       |       |     1 |     1 |       |     4 |     7 ||    13
         Paralysed         |       |       |       |       |     3 |     3 |       |       |    22 ||    28
         Petrified         |       |       |       |       |       |     1 |    13 |       |       ||    14
         Petrifying        |       |       |       |       |       |     1 |     1 |       |       ||     2
         Invisible         |       |       |       |       |       |       |       |     2 |     7 ||     9
 Armour: Scale mail        |    47 |   138 |    68 |       |       |       |       |       |       ||   253
         Leather armour    |       |       |   180 |   253 |   242 |    63 |       |       |       ||   738
         Troll leather arm |       |       |       |       |       |   251 |   252 |   230 |   837 ||  1570
  Dodge: Dodged            |    42 |    95 |   185 |   292 |   299 |   214 |   233 |   182 |   828 ||  2370
         Repelled          |       |       |       |       |    12 |    30 |     5 |     4 |    55 ||   106
  Block: Buckler           |    29 |    67 |   157 |   436 |   291 |       |       |       |       ||   980
         Tower shield      |       |       |       |       |   598 |  1462 |  1766 |  1425 |  5887 || 11138
         Reflection        |       |       |       |       |       |   100 |    77 |    33 |   191 ||   401

Table legend: (Time is in decaauts)
 A = Elapsed time spent in this place.
 B = Non-inter-level travel time spent in this place.
 C = Inter-level travel time spent in this place.
 D = Time resting spent in this place.
 E = Time spent auto-exploring this place.
 F = Levels seen in this place.
 G = Mean time per level.
                   A        B        C        D        E       F      G
               +--------+--------+--------+--------+--------+-----+--------+
         Total |  79037 |  60682 |  18355 |      0 |  38032 |  81 |  975.8 |
       Dungeon |  17531 |  13856 |   3675 |      0 |  10895 |  15 | 1168.7 |
        Temple |     14 |      2 |     12 |      0 |      0 |   1 |   14.0 |
          Lair |   6030 |   4047 |   1983 |      0 |   3055 |   5 | 1206.0 |
        Shoals |   4044 |   3147 |    897 |      0 |   2124 |   4 | 1011.0 |
     Snake Pit |   4606 |   3790 |    816 |      0 |   2523 |   4 | 1151.5 |
    Slime Pits |   2716 |   2171 |    545 |      0 |   1657 |   5 |  543.2 |
  Orcish Mines |   2148 |   1468 |    680 |      0 |   1123 |   2 | 1074.0 |
   Elven Halls |   3741 |   2273 |   1468 |      0 |   1473 |   3 | 1247.0 |
        Vaults |   8040 |   4718 |   3322 |      0 |   3015 |   5 | 1608.0 |
         Crypt |   3309 |   2180 |   1129 |      0 |   1093 |   3 | 1103.0 |
          Tomb |   1513 |    403 |   1110 |      0 |      0 |   2 |  756.5 |
        Depths |   6366 |   4344 |   2022 |      0 |   3107 |   4 | 1591.5 |
          Hell |    811 |    531 |    280 |      0 |    389 |   1 |  811.0 |
           Dis |    761 |    348 |    413 |      0 |     50 |   4 |  190.2 |
         Abyss |   1489 |   1489 |      0 |      0 |    239 |   3 |  496.3 |
   Pandemonium |  12953 |  12953 |      0 |      0 |   5857 |  14 |  925.2 |
         Trove |    259 |    259 |      0 |      0 |    127 |   1 |  259.0 |
         Sewer |    958 |    958 |      0 |      0 |    652 |   1 |  958.0 |
       Ossuary |    262 |    262 |      0 |      0 |    165 |   1 |  262.0 |
        Bailey |    726 |    726 |      0 |      0 |    430 |   1 |  726.0 |
      Ice Cave |    413 |    413 |      0 |      0 |     54 |   1 |  413.0 |
      Gauntlet |    339 |    339 |      0 |      0 |      0 |   1 |  339.0 |
               +--------+--------+--------+--------+--------+-----+--------+

Top non-repeatable levels by time:
    D:10: 1936 daAuts
Vaults:4: 1891 daAuts
Vaults:3: 1879 daAuts
Depths:4: 1821 daAuts
  Lair:2: 1804 daAuts
Depths:3: 1711 daAuts
Vaults:1: 1673 daAuts
Depths:2: 1630 daAuts
     D:4: 1597 daAuts
     D:8: 1545 daAuts
     D:9: 1519 daAuts
  Tomb:1: 1502 daAuts
    D:13: 1460 daAuts
     D:7: 1446 daAuts
 Snake:1: 1406 daAuts
